 BcadrenCrawl: Boulder Brew version 0.06-240-gf756cca71e (webtiles) character file.

Game seed: 8566882624910149015, levelgen mode: deterministic

121 gruber the Twirler (level 4, -1/58 HPs) Minotaur Berserker. Began on Aug 14, 2022. Was a Believer of Trog. Slain by an adder (4 damage) ... on level 2 of the Dungeon. The game lasted 00:01:34 (1127 turns).

gruber the Twirler (Minotaur Berserker)             Turns: 1127, Time: 00:01:35

Health: -1/58      AC:  4    Str: 26    XL:     4 ^: 22
Magic:  3/3        EV: 11    Int:  4    God:    Trog [2* [50]]
Gold:   84         SH:  2    Dex: 11    Spells: 3/3 levels left

rFire    . . .     Slash    x   a - +0 mace
rCold    . . .     Pierce   .   g - +0 buckler
rNeg     . . .     Bludgeon .   b - +0 animal skin
rCorr    . . .     Vision   .   (helmet restricted)
rPois    .         Gourm    .   e - +0 cloak
rElec    .         Faith    .   (no gloves)
MR       .....     Spirit   .   f - +0 pair of boots
HPRegen  0.29/turn Reflect  .   (no amulet)
MPRegen  0.13/turn Harm     .   (no ring) Stlth ..........Rnd*Rage +
                                (no ring)

@: berserking, lethally poisoned (-1 -> -2), very quick
A: horns, retaliatory headbutt 2, soft flesh
a: Berserk, Trog's Hand, Renounce Religion


You were on level 2 of the Dungeon.
You worshipped Trog.
Trog was pleased with you.
You were very hungry.

You visited 1 branch of the dungeon, and saw 2 of its levels.

You collected 84 gold pieces.

Inventory:

Weapons
 a - a +0 mace (weapon) Shields
 g - a +0 buckler (shield)
Armour
 b - a +0 animal skin (worn)
 e - a +0 cloak (worn)
 f - a +0 pair of boots (worn)
Jewellery
 i - a cursed ring of ice {(Curse: *Drain)}
Scrolls
 h - a scroll of bless item
 j - 2 scrolls of magic mapping
 k - a scroll of blinking
Potions
 d - a potion of cancellation
Comestibles
 c - 5 rations


   Skills:
 - Level 3.6 Fighting
 + Level 6.7 Maces & Staves
 - Level 2.4 Armour
 - Level 2.1 Dodging


You had 3 spell levels left.
You didn't know any spells.
Your spell library was empty.

Dungeon Overview and Level Annotations

Branches:
Dungeon (2/8)

Altars:


Innate Abilities, Weirdness & Mutations

You reflexively attack those that strike you in melee with your horns.
Your soft flesh is weak to deep cuts.
Heavy manmade armour will nullify this weakness. (rSlashing-)
You frequently lose your temper in combat.
This godly rage surpasses even clarity. (*Rage)


Message History

The crocodile bites you (14)!
* * * LOW HITPOINT WARNING * * *
The adder bites you but does no damage.
Unknown command.
You sock the crocodile (7)! You headbutt the crocodile (9)!
The crocodile is severely wounded. (7/28) HP The cinder newt bites you.
The cinder newt burns you (3).
* * * LOW HITPOINT WARNING * * *
The adder bites you (4).
* * * LOW HITPOINT WARNING * * *
The crocodile bites you but does no damage.
You sock the crocodile (7)!
You kill the crocodile!
Trog accepts your kill.
You can now call upon Trog for regeneration and magic resistance.
Your Maces & Staves skill increases to level 6!
You have reached level 4!
You feel agile. The adder bites you (4).
You die...

#.≈≈.≈.##
#...J.≈.
#≈≈≈≈..#
#≈≈≈≈§≈##
#≈≈≈≈≈≈§#
#≈≈§§≈≈#
#.≈l≈≈≈#
#≈.@†≈.#
#≈≈S†..#
#≈≈≈.≈.#
#≈≈≈<≈≈#
#≈≈PPP≈.#
...≈.PP.PP.....
≈≈≈........≈≈≈≈
≈≈≈.≈≈≈≈≈≈.≈≈≈≈
≈≈≈.≈≈≈≈≈≈.≈≈≈≈


You could see a jelly, a submerged cinder newt and a submerged adder.

Vanquished Creatures
  A crocodile (D:2)
  2 cinder newts (D:1)
  3 dart slugs (D:1)
  2 leopard geckos (D:1)
  4 goblins (D:1)
  5 hobgoblins (D:1)
  4 bats
  2 kobolds (D:1)
  A rat (D:1)
24 creatures vanquished.

Notes
Turn   | Place    | Note
-------+----------+-------------------------------------------
     0 | D:1      | gruber the Minotaur Berserker began the quest for the Orb.
     0 | D:1      | Reached XP level 1. HP: 19/19 MP: 0/0
    32 | D:1      | Reached skill level 4 in Maces & Staves
    58 | D:1      | Reached XP level 2. HP: 25/26 MP: 1/1
   167 | D:1      | Reached skill level 5 in Maces & Staves
   232 | D:1      | Reached XP level 3. HP: 18/31 MP: 2/2
  1118 | D:2      | Noticed a crocodile
  1126 | D:2      | HP: 2/46 [adder (4)]
  1127 | D:2      | Killed a crocodile
  1127 | D:2      | Reached ** piety under Trog
  1127 | D:2      | Reached skill level 6 in Maces & Staves
  1127 | D:2      | Reached XP level 4. HP: 3/39 MP: 3/3
  1127 | D:2      | Slain by an adder

Levels and vault maps discovered:
D:1:      nicolae_arrival_somewhat_less_tricky_arrival, layout_basic
D:2:      layout_sewer, first_ration

Skill      XL: |  1  2  3 |
---------------+----------+-----
Maces & Staves | 4 5 6 |  6.7
Fighting       | |  3.6
Armour         | |  2.4
Dodging        | |  2.1

Action                   |  1- 3 |  4- 6 || total
-------------------------+-------+-------++-------
Melee: Mace              |    38 |       ||    38
       Unarmed           |    20 |       ||    20
       Headbutt          |    13 |       ||    13
Invok: Berserk           |     1 |       ||     1
Armor: Animal skin       |     6 |       ||     6
Dodge: Dodged            |    10 |       ||    10
